Map: Blackburn LE

Players

TeebuL - Winner!

  • Race: Protoss Protoss

RiSky

  • Race: Zerg Zerg

Event: DreamHack SC2 Masters 2021 Winter

VOD

Have the link to the VOD?

Description

Time

  • Played on: Sept. 30, 2021, 5:44 a.m.
  • Length: 7:54

All games in this series

Show
View Real Time Build Order
Export as new Build Order

TeebuL Protoss - Winner!

Build Orders: 1 Gate Expand, Oracle Opening 

Get SALT Encoding   

  12  0:00  Probe  
  13  0:12  Probe  
  14  0:17  Pylon  
  14  0:24  Probe  
  15  0:30  Assimilator  
  15  0:36  Probe (Chrono Boost)  
  16  0:46  Probe (Chrono Boost)  
  16  0:47  Gateway  
  17  0:51  Probe (Chrono Boost)  
  18  1:02  Probe  
  19  1:15  Probe  
  20  1:26  Nexus  
  20  1:36  Cybernetics Core  
  20  1:39  Probe  
  21  1:44  Assimilator  
  21  1:51  Probe  
  22  1:56  Pylon  
  22  2:03  Probe  
  23  2:15  Adept (Chrono Boost), Stargate  
  23  2:16  Probe  
  23  2:22  Warp Gate  
  26  2:28  Probe  
  27  2:39  Probe (Chrono Boost)  
  27  2:40  Adept  
  31  2:44  Probe (Chrono Boost)  
  31  2:51  Probe (Chrono Boost)  
  32  2:55  Probe x2 (Chrono Boost)  
  34  2:58  Oracle (Chrono Boost)  
  34  3:04  Probe  
  37  3:05  Probe  
  38  3:16  Probe  
  38  3:18  Probe  
  38  3:19  Void Ray (Chrono Boost)  
  40  3:28  Probe  
  40  3:30  Probe  
  40  3:32  Pylon  
  46  3:37  Gateway  
  46  3:50  Probe x2  
  48  3:58  Twilight Council  
  48  4:02  Probe  
  49  4:08  Nexus  
  49  4:10  Pylon  
  49  4:12  Adept  
  51  4:30  Charge (Chrono Boost)  
  47  4:34  Adept  
  49  4:45  Gateway x3  
  49  4:49  Gateway  
  49  4:50  Protoss Air Weapons Level 1  
  49  4:55  Pylon  
  49  4:56  Probe x2  
  49  4:58  Adept, Assimilator  
  51  5:06  Gateway  
  51  5:09  Gateway  
  51  5:21  Gateway  
  51  5:24  Zealot x2  
  55  5:28  Probe x2  
  55  5:29  Probe  
  55  5:30  Shield Battery  
  58  5:40  Zealot x3  
  58  5:41  Probe  
  65  5:51  Zealot x3  
  65  5:53  Pylon  
  71  5:59  Zealot  
  71  6:02  Zealot x3  
  79  6:05  Zealot  
  79  6:09  Assimilator  
  81  6:11  Assimilator  
  81  6:12  Zealot x3  
  81  6:16  Adept  
  81  6:17  Zealot  
  89  6:23  Zealot x3  
  79  6:35  Zealot  
  79  6:36  Zealot x4  
  86  6:44  Zealot x2  
  86  6:45  Zealot x2  
  84  6:57  Zealot x4  
  90  7:04  Zealot x2  
  90  7:08  Zealot  
  88  7:13  Zealot x2  
  88  7:24  Zealot x3  
  90  7:34  Zealot x2  
  92  7:44  Pylon  
  92  7:46  Pylon  
Show
View Real Time Build Order
Export as new Build Order

RiSky Zerg 

Build Orders: Hatch First 

Get SALT Encoding   

  12  0:00  Drone  
  13  0:12  Overlord  
  13  0:16  Drone  
  14  0:30  Drone x2  
  16  0:48  Hatchery  
  15  0:51  Drone  
  15  0:55  Drone  
  17  0:58  Drone  
  18  1:10  Extractor  
  17  1:14  Spawning Pool  
  17  1:17  Drone  
  17  1:20  Drone  
  18  1:27  Drone  
  19  1:39  Drone  
  20  1:48  Overlord  
  20  2:00  Zergling x2  
  20  2:01  Zergling x2, Queen x2  
  26  2:11  Drone x2  
  26  2:15  Metabolic Boost  
  28  2:21  Drone x2  
  30  2:31  Drone  
  30  2:34  Drone  
  32  2:44  Hatchery  
  32  2:47  Queen  
  33  2:51  Overlord  
  33  2:55  Drone  
  33  2:56  Drone  
  35  3:00  Drone  
  36  3:17  Drone x2  
  36  3:18  Drone x3  
  36  3:19  Drone  
  42  3:23  Queen  
  42  3:25  Overlord  
  44  3:30  Overlord  
  44  3:34  Spore Crawler  
  44  3:37  Zergling x2  
  44  3:43  Queen, Spore Crawler  
  44  3:44  Zergling x4  
  47  3:48  Drone  
  47  3:53  Drone x3  
  51  3:56  Drone  
  51  3:57  Drone x2  
  51  4:00  Drone x2  
  56  4:04  Drone  
  56  4:09  Overlord  
  57  4:11  Drone  
  57  4:15  Overlord  
  58  4:21  Overlord  
  57  4:26  Zergling x2  
  57  4:27  Zergling x2, Queen  
  61  4:31  Drone  
  61  4:32  Drone  
  61  4:34  Drone  
  61  4:37  Drone x2, Roach Warren  
  64  4:40  Drone  
  64  4:41  Drone  
  64  4:44  Spore Crawler  
  65  4:47  Drone  
  65  4:49  Zergling x2  
  65  4:51  Drone x2  
  68  4:53  Drone  
  68  4:54  Drone  
  68  4:56  Drone x2  
  68  4:58  Lair  
  68  4:59  Extractor  
  70  5:00  Drone, Extractor  
  70  5:03  Overlord  
  70  5:04  Overlord  
  71  5:07  Drone  
  71  5:08  Evolution Chamber  
  71  5:10  Drone  
  71  5:11  Drone  
  71  5:13  Drone  
  71  5:14  Drone, Extractor  
  73  5:15  Queen x2  
  73  5:17  Drone  
  73  5:18  Drone  
  79  5:24  Zergling x4  
  79  5:28  Overlord  
  81  5:31  Hatchery  
  81  5:33  Drone  
  81  5:34  Drone  
  81  5:35  Drone x2  
  83  5:37  Drone x3  
  83  5:39  Overlord  
  86  5:43  Overlord  
  86  5:45  Zerg Missile Weapons Level 1  
  86  5:48  Extractor x2  
  84  5:53  Drone x2  
  84  5:56  Drone x2  
  88  5:57  Drone x3  
  88  5:58  Queen  
  88  6:01  Drone x3  
  96  6:08  Drone, Spire  
  96  6:10  Drone  
  97  6:12  Drone  
  97  6:16  Drone  
  98  6:19  Zergling x2  
  98  6:22  Zergling x2  
  98  6:25  Roach  
  102  6:32  Roach x7  
  116  6:33  Queen x2  
  117  6:40  Roach x2  
  117  6:43  Roach  
  104  6:48  Roach  
  104  6:51  Roach  
  97  6:57  Roach x3  
  97  7:02  Roach x3  
  97  7:08  Roach x2  
  82  7:15  Roach  
  82  7:20  Roach x2  
  79  7:24  Roach x2  
  64  7:33  Roach  
  64  7:34  Roach x2  

Tags
 
Add a new tag
Caveats
  • Supply blocks, unpowered buildings, or Contaminate may cause inaccurate times.
  • Supply counts are checked every 10 seconds.